 Dungeon Crawl Stone Soup version 0.24-a0-487-g57318f2ed0 (webtiles) character file.

Game seed: 2093108908900900061

5947 pk666 the Thaumaturge (level 10, -3/50 HPs)
             Began as a Deep Elf Wizard on July 11, 2019.
             Was a Priest of Vehumet.
             Killed from afar by an acid dragon (13 damage)
             ... with a splash of acid
             ... on level 10 of the Dungeon.
             The game lasted 00:29:32 (13277 turns).

pk666 the Thaumaturge (Deep Elf Wizard)            Turns: 13277, Time: 00:29:32

Health: -3/50      AC:  0    Str:  7    XL:     10   Next: 54%
Magic:  26/35      EV: 17    Int: 29    God:    Vehumet [***...]
Gold:   552        SH:  0    Dex: 13    Spells: 20/30 levels left

rFire    . . .     SeeInvis .   h - +0 dagger
rCold    . . .     Gourm    .   (no shield)
rNeg     . . .     Faith    .   H - +0 steam dragon scales
rPois    .         Spirit   .   b - +0 hat
rElec    .         Reflect  .   x - +0 cloak
rCorr    .         Harm     .   D - +1 pair of gloves {Str+3}
MR       +....                  (no boots)
Stlth    ++........             (no amulet)
HPRegen  0.16/turn              i - ring of magical power
MPRegen  0.24/turn              w - +2 ring of intelligence

@: corroded
A: no striking features
a: Renounce Religion


You were on level 10 of the Dungeon.
You worshipped Vehumet.
Vehumet was most pleased with you.
You were not hungry.

You visited 1 branch of the dungeon, and saw 11 of its levels.

You collected 552 gold pieces.

Inventory:

Hand Weapons
 h - a +0 dagger (weapon)
Armour
 a - a +0 robe
 b - a +0 hat (worn)
 x - a +0 cloak (worn)
 D - a +1 pair of gloves of strength (worn)
 H - +0 steam dragon scales (worn)
 N - a +0 troll leather armour
Magical Staves
 v - an uncursed staff of summoning
Jewellery
 i - a ring of magical power (left hand)
 w - a +2 ring of intelligence (right hand)
 G - an uncursed amulet of magic regeneration
Wands
 e - a wand of polymorph (7)
 k - a wand of random effects (18)
 y - a wand of disintegration (7)
 C - a wand of digging (5)
 K - a wand of iceblast (18)
Scrolls
 c - 6 scrolls of identify
 g - 5 scrolls of blinking {unknown}
 j - 6 scrolls of teleportation
 n - 3 scrolls of amnesia {unknown}
 o - 3 scrolls of enchant weapon
 p - a scroll of random uselessness {unknown}
 q - 6 scrolls of remove curse
 u - 3 scrolls of fear {unknown}
 z - 3 scrolls of enchant armour {unknown}
 A - 2 scrolls of noise {unknown}
 B - a scroll of holy word {unknown}
 E - a scroll of summoning {unknown}
 L - a scroll of magic mapping {unknown}
Potions
 f - a potion of curing
 l - a potion of heal wounds
 m - a potion of haste
 r - 2 potions of agility
 s - 2 potions of ambrosia {unknown}
 t - 3 potions of brilliance
 F - a potion of invisibility {unknown}
 I - 3 potions of might {unknown}
 J - a potion of resistance {unknown}
Comestibles
 d - 21 rations


   Skills:
 + Level 8.8 Dodging
 - Level 2.4 Stealth
 + Level 10.8 Spellcasting
 + Level 8.5 Conjurations
   Level 1.1 Summonings
 - Level 3.0 Translocations
 + Level 8.7 Fire Magic
 - Level 2.1 Air Magic
 - Level 3.0 Poison Magic


You had 20 spell levels left.
You knew the following spells:

 Your Spells              Type           Power        Failure   Level  Hunger
a - Magic Dart            Conj           ####         1%          1    None
b - Blink                 Tloc           N/A          1%          2    None
c - Conjure Flame         Conj/Fire      ######..     1%          3    None
d - Mephitic Cloud        Conj/Pois/Air  #####...     1%          3    None
e - Apportation           Tloc           ####..       1%          1    None

Your spell library contained the following spells:

 Spells                   Type           Power        Failure   Level  Hunger
 Static Discharge         Conj/Air       #####...     1%          3    None
 Sting                    Conj/Pois      ####         1%          1    None
 Ignite Poison            Fire/Tmut/Pois #####...     1%          3    None
 Summon Small Mammal      Summ           ###.         2%          1    None
 Animate Skeleton         Necr           N/A          3%          1    None
 Confusing Touch          Hex            ###...       3%          1    None
 Call Imp                 Summ           ###.....     3%          2    None
 Slow                     Hex            ###.....     5%          2    None
 Spider Form              Tmut/Pois      ###.......   5%          3    None
 Agony                    Necr           ###.....     67%         5    ###....
 Simulacrum               Ice/Necr       ###.......   99%         6    #####..


Dungeon Overview and Level Annotations

Branches:
Dungeon (11/15)            Temple (0/1) D:6
   Lair: D:8-11         Orc: D:9-12

Altars:
Dithmenos
Fedhas
Gozag
Okawaru
Vehumet
Xom

Shops:
D:6 [

Annotations:
D:4 exclusion: phantom


Message History

The acid dragon closely misses you. The acid dragon barely misses you.
Casting: Magic Dart (safe; 1% risk of failure)
Confirm with . or Enter, or press ? or * to list all spells.
Aiming: Magic Dart (safe; 1% risk of failure)
Press: ? - help, Shift-Dir - straight line, f/p - acid dragon
Aim: an acid dragon (moderately wounded, catching its breath)
The magic dart hits the acid dragon.
The acid dragon is heavily wounded.
The acid dragon spits acid at you. The splash of acid hits you!
The acid corrodes you!
You are splashed with acid!
* * * LOW HITPOINT WARNING * * *
The acid dragon completely misses you. The acid dragon misses you.
You climb upwards.
There is a stone staircase leading down here.
Casting: Magic Dart (safe; 1% risk of failure)
Confirm with . or Enter, or press ? or * to list all spells.
You blink.
The acid dragon spits acid at you. The splash of acid hits you!
You die...

###.# ..#.# ###########
#.#.# #.........#
#.#.#############.........#
.................).>......#
..#.#############D........#
###)####.......##.........#
# #)...#.......#..........#
#.##.#.......#@##########
#............#.########
#..#.#.......#.##....<#####
#..###.......#............#
#............#..#.##.####.##
#.####.......#.............#
#.# #.......##.#.##.......#
#.####.......##.#.##.......#
#.#.....###'###............#


You could see an acid dragon.

Vanquished Creatures
  A two-headed ogre (D:10)
  2 trolls
  3 hippogriffs
  A steam dragon (D:8)
  2 orc warriors
  A black bear (D:6)
  A hornet zombie (D:8)
  4 ice beasts
  2 phantoms
  A necrophage (D:8)
  7 ogres
  5 centaurs
  7 bullfrogs
  A gnoll sergeant (D:9)
  7 scorpions
  A wight (D:8)
  3 howler monkeys
  2 crimson imps
  2 bullfrog zombies
  2 hounds
  6 jellies
  7 orc wizards
  6 orc priests
  Crazy Yiuf (D:5)
  A bullfrog skeleton (D:11)
  A centaur skeleton (D:5)
  2 worker ants (D:4)
  An iguana (D:9)
  A killer bee zombie (D:9)
  A hound skeleton (D:10)
  2 worker ant zombies (D:5)
  5 gnolls (D:9)
  13 adders
  3 shadow imps
  5 oozes (D:8)
  3 worms
  2 dart slugs
  A leopard gecko (D:5)
  23 orcs
  A ball python (D:2)
  7 bats
  4 giant cockroaches
  6 goblins
  7 hobgoblins
  2 jackals (D:1)
  5 quokkas
  4 frilled lizards
  11 kobolds
  A quokka skeleton (D:8)
  8 rats
195 creatures vanquished.

Notes
Turn   | Place    | Note
-------+----------+-------------------------------------------
     0 | D:1      | pk666 the Deep Elf Wizard began the quest for the Orb.
     0 | D:1      | Reached XP level 1. HP: 10/10 MP: 7/7
   269 | D:1      | Reached XP level 2. HP: 15/15 MP: 7/9
  1197 | D:2      | Reached skill level 5 in Spellcasting
  1197 | D:2      | Reached XP level 3. HP: 19/19 MP: 11/11
  1201 | D:2      | Learned a level 2 spell: Blink
  1205 | D:2      | Learned a level 3 spell: Conjure Flame
  1209 | D:2      | Learned a level 3 spell: Mephitic Cloud
  1796 | D:2      | Found a shimmering altar of Xom.
  1838 | D:2      | Found an opulent altar of Gozag.
  1838 | D:2      | Found a radiant altar of Vehumet.
  1841 | D:2      | Became a worshipper of Vehumet
  2322 | D:3      | Reached skill level 1 in Fire Magic
  2322 | D:3      | Reached XP level 4. HP: 24/24 MP: 13/13
  2802 | D:3      | Reached skill level 1 in Air Magic
  2802 | D:3      | Reached skill level 1 in Poison Magic
  2802 | D:3      | Reached XP level 5. HP: 28/28 MP: 11/14
  2987 | D:3      | Reached * piety under Vehumet
  2987 | D:3      | Offered knowledge of Freeze by Vehumet.
  3349 | D:4      | Noticed a phantom
  4040 | D:4      | Reached XP level 6. HP: 32/32 MP: 9/16
  4279 | D:5      | Entered Level 5 of the Dungeon
  4409 | D:5      | Noticed an ice beast
  4421 | D:5      | Killed an ice beast
  4527 | D:5      | Reached skill level 6 in Spellcasting
  4639 | D:5      | Reached XP level 7. HP: 36/36 MP: 13/18
  5193 | D:5      | Found a runed translucent door.
  5194 | D:5      | Noticed Crazy Yiuf
  5550 | D:5      | Killed Crazy Yiuf
  5798 | D:6      | Found a blossoming altar of Fedhas.
  5804 | D:6      | Found a staircase to the Ecumenical Temple.
  6002 | D:6      | Reached skill level 5 in Fire Magic
  6002 | D:6      | Reached XP level 8. HP: 41/41 MP: 17/20
  6058 | D:6      | Reached skill level 7 in Spellcasting
  6199 | D:6      | Found Ampesoong's Antique Armour Shoppe.
  6379 | D:6      | Reached skill level 5 in Conjurations
  6487 | D:6      | Offered knowledge of Sting by Vehumet.
  6506 | D:6      | Reached ** piety under Vehumet
  6776 | D:6      | Reached skill level 5 in Dodging
  7364 | D:7      | Found an iron altar of Okawaru.
  7481 | D:7      | Reached skill level 8 in Spellcasting
  8253 | D:8      | Noticed a hippogriff
  8487 | D:8      | Reached XP level 9. HP: 45/45 MP: 14/23
  8957 | D:8      | Reached skill level 9 in Spellcasting
  9320 | D:8      | Found a shadowy altar of Dithmenos.
 10167 | D:9      | Offered knowledge of Ignite Poison by Vehumet.
 10817 | D:9      | Noticed a troll
 10975 | D:9      | Reached skill level 10 in Spellcasting
 10975 | D:9      | Reached XP level 10. HP: 43/50 MP: 23/26
 11642 | D:9      | Identified the Compendium of Evil Contamination
 11667 | D:9      | Learned a level 1 spell: Apportation
 12052 | D:10     | Entered Level 10 of the Dungeon
 12199 | D:10     | Reached *** piety under Vehumet
 12692 | D:10     | Offered knowledge of Static Discharge by Vehumet.
 12768 | D:10     | Noticed a two-headed ogre
 12845 | D:10     | Killed a two-headed ogre
 13277 | D:10     | Killed from afar by an acid dragon

Levels and vault maps discovered:
D:1:      nicolae_arrival_washed_ashore, layout_loops_cross
D:2:      layout_basic, overflow_temple_1_default,
          gammafunk_temple_overflow_elements
D:3:      layout_rooms
D:4:      layout_gridville, serial_co_window_serial, co_window_corner_a,
          co_window_paths_a, co_window_corner_a, co_window_of_opportunity_a,
          co_window_corner_a, co_window_paths_b, co_window_paths_a,
          co_window_corner_ca, co_window_of_opportunity_b,
          co_window_of_opportunity_c, co_window_unsneaky_path_e,
          co_window_4corner_a, glass_columns_a, glass_columns_a,
          glass_columns_a, ebering_dispersal_statue_hall, minmay_box_of_dots
D:5:      layout_rooms, first_ration, uniq_crazy_yiuf_cottage
D:6:      layout_loops_ring, kennysheep_mini_moat,
          minmay_temple_entry_glassed_door, serial_shops, shop,
          kennysheep_generic_room_5
D:7:      layout_basic, okawaru_gym_becter, serial_curves, eino_curves_02,
          eino_curves_01, eino_curves_02
D:8:      hangedman_cross_stitches, layout_loops_ring,
          nicolae_dithmenos_the_darkroom, hangedman_little_slice_of_home
D:9:      layout_cave_pools, serial_park, serial_park_square1
          [serial_park_minivault_5x5_5], serial_park_avenue1,
          grunt_ministairs_10, billiards_dpeg
D:10:     layout_basic
D:11:     minmay_inner_zag, layout_grid_maze, david_lair_shrubbed,
          minmay_orc_entry_guard_dogs, serial_glass, glass_columns_a,
          glass_columns_b, basic_altar, uniq_fannar, uniq_erolcha

Skill      XL: |  1  2  3  4  5  6  7  8  9 10 |
---------------+-------------------------------+-----
Dodging        | 3 5 7 8 |  8.8
Spellcasting   | 5 6 8 10 | 10.8
Conjurations   | 2 3 4 6 7 8 |  8.5
Fire Magic     | 1 2 3 5 6 7 8 |  8.7
Air Magic      | 1 2 |  2.1
Poison Magic   | 1 2 3 |  3.0
Translocations | 2 3 |  3.0
Stealth        | |  2.4
Summonings     | |  1.1

Action                   |  1- 3 |  4- 6 |  7- 9 | 10-12 || total
-------------------------+-------+-------+-------+-------++-------
Melee: Dagger            |       |       |     2 |       ||     2
 Cast: Magic Dart        |   109 |   154 |   382 |   177 ||   822
       Conjure Flame     |       |     9 |    42 |    15 ||    66
       Mephitic Cloud    |       |     4 |    34 |     8 ||    46
       Blink             |       |     3 |     8 |     3 ||    14
  Use: Potion            |       |       |     2 |       ||     2
       Scroll            |       |       |     7 |       ||     7
  Eat: Chunk             |     4 |     6 |    14 |     6 ||    30
       Ration            |       |       |     2 |       ||     2
Armor: Robe              |     2 |     1 |    13 |       ||    16
       Steam dragon scal |       |       |       |     4 ||     4
Dodge: Dodged            |    10 |    18 |    79 |    35 ||   142

Table legend:
 A = Non-vault XP
 B = Vault XP
 C = Vault XP percentage of total XP
 D = Non-vault monster count
 E = Vault monster count
 F = Vault count percentage of total count
                 A         B        C        D         E       F
            +---------+---------+-------+---------+---------+-------
      Total |    7240 |    1257 |  14.8 |     168 |      27 |  13.8
            +---------+---------+-------+---------+---------+-------
        D:1 |      36 |       0 |   0.0 |      22 |       0 |   0.0
        D:2 |      55 |       0 |   0.0 |      21 |       0 |   0.0
        D:3 |     137 |       0 |   0.0 |      20 |       0 |   0.0
        D:4 |     172 |       0 |   0.0 |      11 |       0 |   0.0
        D:5 |     751 |      40 |   5.1 |      19 |       1 |   5.0
        D:6 |    1085 |       0 |   0.0 |      15 |       0 |   0.0
        D:7 |     220 |       0 |   0.0 |       5 |       0 |   0.0
        D:8 |    1268 |    1014 |  44.4 |      15 |      19 |  55.9
        D:9 |    1343 |     203 |  13.1 |      17 |       7 |  29.2
       D:10 |    2134 |       0 |   0.0 |      22 |       0 |   0.0
       D:11 |      39 |       0 |   0.0 |       1 |       0 |   0.0
            +---------+---------+-------+---------+---------+-------
